 Dungeon Crawl Stone Soup version 0.24-a0-459-g225fefd530 (webtiles) character file.

Game seed: 4819394942064697721

25472 vurker the Thaumaturge (level 13, -18/101 HPs)
             Began as a Gnoll Skald on June 30, 2019.
             Was the Champion of Cheibriados.
             Hit by a silver javelin thrown by a minotaur (29 damage)
             ... in a Gauntlet.
             The game lasted 00:50:11 (18258 turns).

vurker the Thaumaturge (Gnoll Skald)               Turns: 18258, Time: 00:50:12

Health: -18/101    AC: 11    Str: 33    XL:     13   Next: 19%
Magic:  9/26       EV: 24    Int: 39    God:    Cheibriados [******]
Gold:   1214       SH: 12    Dex: 37    Spells: 20/30 levels left

rFire    + + +     SeeInvis +   a - +6 mace of Checks and Balances {vamp, rElec rF+ MR+ Stlth+}
rCold    + . .     Gourm    .   R - +3 buckler of Lifelessness {Slay+5}
rNeg     + + +     Faith    .   J - +2 leather armour {rPois}
rPois    +         Spirit   .   F - +2 hat
rElec    +         Reflect  .   E - +0 cloak "Xasch" {rN++ Int+5 Stlth-}
rCorr    +         Harm     .   s - +1 pair of gloves {Dex+3}
MR       ++...     NoTele   +   (no boots)
Stlth    ++++++....             (no amulet)
HPRegen  0.26/turn              B - ring of positive energy
MPRegen  0.20/turn              Q - ring "Heseil" {rF+ SInv Stlth+}

@: mighty, lethally poisoned (-18 -> -19), resistant, very slow
A: distributed training, fangs 1, horns 1, thin skeletal structure 1, magic
resistance 1, strong nose
a: Bend Time, Temporal Distortion, Slouch, Step From Time, Renounce Religion


You were in a Gauntlet.
You worshipped Cheibriados.
Cheibriados was exalted by your worship.
You were not hungry.

You visited 3 branches of the dungeon, and saw 16 of its levels.
You also visited: Ossuary and Gauntlet.

You collected 1214 gold pieces.

Inventory:

Hand Weapons
 a - the +6 mace of Checks and Balances (weapon) {vamp, rElec rF+ MR+ Stlth+}
   (You found it on level 5 of the Dungeon)

   It inflicts no extra harm, but heals its wielder when it wounds a living foe.
   It protects you from fire.
   It insulates you from electricity.
   It affects your resistance to hostile enchantments.
   It makes you more stealthy.
 w - a +0 scimitar of flaming
   (You took it off an efreet on level 11 of the Dungeon)
 L - a +0 vampiric war axe
   (You took it off an orc on level 11 of the Dungeon)
Missiles
 l - 2 throwing nets (quivered) {!f}
Armour
 s - a +1 pair of gloves of dexterity (worn)
   (You found it in a Gauntlet)
 y - a +2 plate armour of magic resistance
   (You found it in a Gauntlet)
 E - the +0 cloak "Xasch" (worn) {rN++ Int+5 Stlth-}
   (You found it on level 7 of the Dungeon)

   It affects your intelligence (+5).
   It greatly protects you from negative energy.
   It makes you less stealthy.
 F - a +2 hat (worn)
   (You acquired it on level 10 of the Dungeon)
 J - a +2 leather armour of poison resistance (worn)
   (You found it on level 10 of the Dungeon)
 R - the +3 buckler of Lifelessness (worn) {Slay+5}
   (You acquired it on level 2 of the Lair of Beasts)

   It affects your accuracy and damage with ranged weapons and melee attacks
   (+5).
Magical Staves
 b - an uncursed staff of summoning
   (You found it on level 8 of the Dungeon)
 M - an uncursed staff of earth
   (You found it on level 11 of the Dungeon)
Jewellery
 B - a ring of positive energy (left hand)
   (You found it on level 10 of the Dungeon)
 Q - the ring "Heseil" (right hand) {rF+ SInv Stlth+}
   (You found it in a Gauntlet)

   [ring of stealth]

   It protects you from fire.
   It lets you see invisible.
   It makes you more stealthy.
Wands
 c - a wand of disintegration (10)
   (You took it off a hobgoblin on level 3 of the Dungeon)
 d - a wand of iceblast (9)
   (You found it on level 11 of the Dungeon)
 t - a wand of flame (34)
   (You found it on level 7 of the Dungeon)
 u - a wand of polymorph (11)
   (You took it off Sigmund on level 3 of the Dungeon)
 v - a wand of digging (4)
   (You found it on level 10 of the Dungeon)
 x - a wand of acid (5)
   (You took it off Joseph on level 7 of the Dungeon)
Scrolls
 h - 2 scrolls of identify {@r1}
 j - a scroll of enchant armour
 p - 4 scrolls of fog
 C - a scroll of magic mapping
 D - 7 scrolls of teleportation {@r4}
 H - 10 scrolls of remove curse {@r2}
 K - 2 scrolls of immolation {!r}
 N - a scroll of enchant weapon
 O - 2 scrolls of blinking
Potions
 f - 11 potions of curing {@q1}
 i - 2 potions of mutation {!q}
 k - 3 potions of flight
 m - 3 potions of lignification {!q}
 n - 3 potions of brilliance
 o - 2 potions of cancellation
 q - 4 potions of invisibility
 r - 4 potions of agility
 A - 2 potions of ambrosia
 G - a potion of might
Comestibles
 e - 31 rations {!d}


   Skills:
 + Level 9.2 Fighting
 + Level 7.9 Short Blades
 + Level 7.9 Long Blades
 + Level 7.9 Axes
 + Level 7.9 Maces & Flails
 + Level 9.2 Polearms
 + Level 7.9 Staves
 + Level 7.9 Slings
 + Level 7.9 Bows
 + Level 7.9 Crossbows
 + Level 7.9 Throwing
 + Level 8.4 Armour
 + Level 9.2 Dodging
 + Level 7.9 Stealth
 + Level 7.9 Shields
 + Level 7.9 Unarmed Combat
 + Level 9.4 Spellcasting
 + Level 6.6 Conjurations
 + Level 6.6 Hexes
 + Level 8.6 Charms
 + Level 6.6 Summonings
 + Level 6.6 Necromancy
 + Level 6.6 Translocations
 + Level 6.6 Transmutations
 + Level 6.6 Fire Magic
 + Level 6.6 Ice Magic
 + Level 6.6 Air Magic
 + Level 6.6 Earth Magic
 + Level 6.6 Poison Magic
 + Level 8.7 Invocations
 + Level 7.9 Evocations


You had 20 spell levels left.
You knew the following spells:

 Your Spells              Type           Power        Failure   Level  Hunger
a - Spectral Weapon       Hex/Chrm       ######..     1%          3    None
b - Summon Ice Beast      Ice/Summ       ######..     1%          4    None
q - Regeneration          Chrm/Necr      ######....   1%          3    None

Your spell library contained the following spells:

 Spells                   Type           Power        Failure   Level  Hunger
 Beastly Appendage        Tmut           ######       1%          1    None
 Freeze                   Ice            ####         1%          1    None
 Infusion                 Chrm           ####         1%          1    None
 Pain                     Necr           ####         1%          1    None
 Shroud of Golubria       Chrm/Tloc      ######       1%          2    None
 Song of Slaying          Chrm           ######..     1%          2    None
 Sticks to Snakes         Tmut           ######..     1%          2    None
 Throw Frost              Conj/Ice       ######       1%          2    None
 Ozocubu's Armour         Chrm/Ice       ######..     1%          3    None
 Spider Form              Tmut/Pois      ######....   1%          3    None
 Ice Form                 Ice/Tmut       ######..     1%          4    None
 Throw Icicle             Conj/Ice       ######..     1%          4    None
 Iskenderun's Battlesphe  Conj/Chrm      ######..     2%          5    ##.....
 Blade Hands              Tmut           ######....   4%          5    ##.....
 Bolt of Draining         Conj/Necr      ######....   4%          5    ##.....
 Bolt of Magma            Conj/Fire/Erth ######....   4%          5    ##.....
 Borgnjor's Vile Clutch   Necr/Erth      ######....   4%          5    ##.....
 Venom Bolt               Conj/Pois      ######....   4%          5    ##.....
 Iron Shot                Conj/Erth      ######....   22%         6    ####...
 Haunt                    Necr/Summ      ######....   77%         7    ######.
 Orb of Destruction       Conj           ######....   77%         7    ######.
 Spellforged Servitor     Conj/Summ      ######....   77%         7    ######.
 Death's Door             Chrm/Necr      ######....   99%         8    #######
 Borgnjor's Revivificati  Necr           ######....   100%        8    #######
 Infestation              Necr           ######....   100%        8    #######
 Necromutation            Tmut/Necr      ######....   100%        8    #######


Dungeon Overview and Level Annotations

Branches:
Dungeon (11/15)            Temple (1/1) D:5            Lair (4/6) D:8
    Orc (0/2) D:9
  Swamp: Lair:2-4    Shoals: Lair:2-4     Snake: Lair:2-4    Spider: Lair:2-4

Altars:
Ashenzari
Cheibriados
Dithmenos
Elyvilon
Fedhas
Gozag
Makhleb
Nemelex Xobeh
Okawaru
Ru
Uskayaw
Vehumet
Xom
Yredelemnul
Zin
The Shining One

Shops:
D:5 [   D:9 }

Annotations:
Lair:1 3 runed translucent doors, Gildeon's ghost, novice TrFi Gauntlet 6 transporters


Innate Abilities, Weirdness & Mutations

Your experience applies equally to all skills.
You have very sharp teeth.
Your uncanny sense of smell can sniff out nearby items.
You have a pair of small horns on your head.
You have a somewhat thin skeletal structure. (Dex +2, Stealth)
You are resistant to hostile enchantments. (MR+)


Message History

Your ice beast hits the minotaur but does no damage.
The minotaur hits you from afar with a +3 trident of venom!!
* * * LOW HITPOINT WARNING * * *
You are poisoned.
You feel sick.
Something completely misses your ice beast.
Something gores your ice beast but does no damage.
You feel sick. Something hits your ice beast!! Something gores your ice beast!
You feel much better.
You feel sick. Something hits your ice beast.
Your ice beast is poisoned.
Something closely misses your ice beast.
You feel protected. Something hits your ice beast!
Your ice beast dies!
You feel very mighty all of a sudden.
You feel sick.
You feel a sense of dread.
a - the +6 mace of Checks and Balances (weapon)
{vamp, rElec rF+ MR+ Stlth+} The minotaur blocks your ice beast's attack.
You swap places.
The minotaur hits you with a +3 trident of venom.
The minotaur completely misses you.
The minotaur blocks your ice beast's attack.
The minotaur hits you with a +3 trident of venom!!
* * * LOW HITPOINT WARNING * * *
The minotaur gores you.
* * * LOW HITPOINT WARNING * * *
The minotaur blocks your ice beast's attack.
The floor, spattered with blood.
Blink to where?
There is a wall there.
Okay, then.
You swap places.
You feel sick. The minotaur closely misses you.
Your ice beast hits the minotaur.
Your ice beast freezes the minotaur!!
Your ice beast hits the minotaur but does no damage.
The minotaur hits you from afar with a +3 trident of venom!!
* * * LOW HITPOINT WARNING * * *
Your ice beast barely misses the minotaur. x2
The minotaur furiously retaliates!
The minotaur headbutts your ice beast!
You feel sick.
The minotaur hits your ice beast with a +3 trident of venom!
The minotaur closely misses your ice beast.
Your ice beast hits the minotaur but does no damage.
The minotaur throws a silver javelin.
The silver javelin pierces through your ice beast!!
The silver javelin pierces through you!!
You die...

##≈###≈###≈ #≈≈≈#≈≈≈#≈≈
#≈........ ##.#######
#...##≈.###...#
########.8.#≈≈.###...#
#..... ....##≈.##=##'.
##.##.###.8.###.#©.#©#.
#8....@.....##..##.'##.
#.....#.#.8.#...###...#
########Y#Y#...#.∩.###...#
8)8[8.8#H..#.©.#...#######
∩.....H'.###...#.8.....#..
8}8[8.8#.(.#.©.#...#######
########.#.#...#.∩.#p.YYYY
#.....#.#.8.#...#[##.##
#8..........##..##..#.p


You could see a minotaur and 2 friendly ice beasts.

Vanquished Creatures
  3 hydras
  Harold (D:9)
  Joseph (D:7)
  A gargoyle (D:11)
  A centaur skeleton (D:10)
  3 spiny frogs
  An efreet (D:11)
  2 komodo dragons (Lair:2)
  A troll (D:11)
  5 hippogriffs
  Prince Ribbit (D:5)
  12 blink frogs
  14 flying skulls (Gauntlet)
  A centaur simulacrum (D:10)
  A wraith (D:11)
  11 yaks
  4 shadows (Gauntlet)
  Sigmund (D:3)
  A wyvern (D:11)
  Duvessa (D:5)
  An acid dragon (D:11)
  A porcupine (Lair:2)
  5 water moccasins
  8 orc warriors
  A black bear (D:7)
  4 ice beasts
  4 sky beasts
  A hornet zombie (D:7)
  A phantom (D:7)
  A boggart (D:10)
  4 centaurs
  8 crocodiles
  5 ogres
  A wolf (Lair:3)
  A big kobold (D:6)
  15 bullfrogs
  Dowan (D:5)
  5 scorpions
  9 killer bees
  A wight (D:7)
  4 howler monkeys
  5 crimson imps
  A bullfrog zombie (D:11)
  A quasit (D:8)
  2 centaur zombies
  7 hounds
  15 orc wizards
  2 jellies
  11 orc priests
  A bullfrog skeleton (D:5)
  2 iguanas
  4 worker ants
  A killer bee zombie (D:10)
  A big kobold zombie (Ossuary)
  A hound skeleton (D:5)
  3 mummies (Ossuary)
  A howler monkey zombie (D:11)
  7 gnolls
  17 adders
  A howler monkey skeleton (D:4)
  4 river rats (Lair:2)
  A shadow imp (D:8)
  2 adder zombies
  2 adder skeletons
  2 worms
  4 dart slugs
  7 leopard geckos
  41 orcs
  3 ball pythons
  3 bats
  2 giant cockroaches (D:1)
  2 gnoll zombies (Ossuary)
  6 hobgoblins
  25 jackals
  6 quokkas
  6 frilled lizards
  A giant cockroach zombie (D:6)
  5 goblins
  A jackal skeleton (D:4)
  A jackal zombie (D:5)
  11 kobolds
  2 kobold zombies (Ossuary)
  A leopard gecko zombie (D:7)
  2 orc zombies (Ossuary)
  A quokka skeleton (D:4)
  A quokka zombie (D:6)
  9 rats
381 creatures vanquished.

Vanquished Creatures (collateral kills)
  A queen ant (Gauntlet)
  A wolf spider (D:10)
  A spiny frog (Lair:2)
  A gargoyle (D:11)
  A komodo dragon (Lair:3)
  A queen bee (shapeshifter) (D:10)
  4 hornets
  4 blink frogs
  A hippogriff (Lair:3)
  A wyvern (D:10)
  8 yaks
  3 soldier ants (Gauntlet)
  An acid dragon (D:10)
  2 water moccasins
  2 porcupines
  3 orc warriors
  A sky beast (D:10)
  An eye of draining (D:10)
  A boggart (D:10)
  2 ogres (D:10)
  3 wolves (Lair:3)
  2 centaurs
  A crocodile (Lair:1)
  A big kobold (D:8)
  5 bullfrogs
  A gnoll sergeant (D:10)
  5 killer bees
  An orc priest (D:10)
  An iguana (D:10)
  4 orc wizards
  A worker ant zombie (D:10)
  4 gnolls (D:10)
  5 adders
  A shadow imp (D:10)
  18 orcs
  3 jackals
  A quokka (D:10)
  A plant (Lair:3)
98 creatures vanquished.

Vanquished Creatures (others)
  5 fungi
  5 plants (Lair:2)
10 creatures vanquished.

Grand Total: 489 creatures vanquished

Notes
Turn   | Place    | Note
-------+----------+-------------------------------------------
     0 | D:1      | vurker the Gnoll Skald began the quest for the Orb.
     0 | D:1      | Reached XP level 1. HP: 20/20 MP: 6/6
   145 | D:1      | Reached XP level 2. HP: 26/26 MP: 7/7
   779 | D:1      | Reached XP level 3. HP: 31/31 MP: 9/9
   784 | D:1      | Learned a level 3 spell: Spectral Weapon
   788 | D:1      | Learned a level 3 spell: Regeneration
   816 | D:1      | Found a sparkling altar of Nemelex Xobeh.
   878 | D:1      | Reached skill level 5 in Spellcasting
  1431 | D:2      | Reached skill level 1 in Invocations
  1485 | D:2      | Found a glowing silver altar of Zin.
  1485 | D:2      | Noticed an angel
  1516 | D:2      | Reached skill level 1 in Short Blades
  1516 | D:2      | Reached skill level 1 in Long Blades
  1516 | D:2      | Reached skill level 1 in Axes
  1516 | D:2      | Reached skill level 1 in Maces & Flails
  1516 | D:2      | Reached skill level 1 in Staves
  1516 | D:2      | Reached skill level 1 in Slings
  1516 | D:2      | Reached skill level 1 in Bows
  1516 | D:2      | Reached skill level 1 in Crossbows
  1516 | D:2      | Reached skill level 1 in Throwing
  1516 | D:2      | Reached skill level 1 in Stealth
  1516 | D:2      | Reached skill level 1 in Shields
  1516 | D:2      | Reached skill level 1 in Unarmed Combat
  1516 | D:2      | Reached skill level 1 in Evocations
  1525 | D:2      | Reached XP level 4. HP: 23/38 MP: 6/11
  1746 | D:2      | Found a faded altar of an unknown god.
  1848 | D:2      | Found a hide-covered altar of Uskayaw.
  1849 | D:2      | Noticed a +0 dagger
  1875 | D:2      | Reached skill level 1 in Conjurations
  1875 | D:2      | Reached skill level 1 in Hexes
  1875 | D:2      | Reached skill level 1 in Summonings
  1875 | D:2      | Reached skill level 1 in Necromancy
  1875 | D:2      | Reached skill level 1 in Translocations
  1875 | D:2      | Reached skill level 1 in Transmutations
  1875 | D:2      | Reached skill level 1 in Fire Magic
  1875 | D:2      | Reached skill level 1 in Ice Magic
  1875 | D:2      | Reached skill level 1 in Air Magic
  1875 | D:2      | Reached skill level 1 in Earth Magic
  1875 | D:2      | Reached skill level 1 in Poison Magic
  1900 | D:2      | Noticed a +0 hand axe
  2465 | D:3      | Reached XP level 5. HP: 23/43 MP: 8/12
  2618 | D:3      | Found a burning altar of Makhleb.
  2938 | D:3      | Found an opulent altar of Gozag.
  3284 | D:3      | Found a white marble altar of Elyvilon.
  3292 | D:3      | Noticed Sigmund
  3649 | D:3      | Killed Sigmund
  3649 | D:3      | Reached skill level 5 in Fighting
  3649 | D:3      | Reached skill level 5 in Polearms
  3649 | D:3      | Reached skill level 5 in Dodging
  3649 | D:3      | Reached XP level 6. HP: 30/51 MP: 8/14
  4180 | D:4      | Found a sand-covered staircase.
  4190 | Ossuary  | Entered an ossuary
  4389 | Ossuary  | Reached XP level 7. HP: 23/56 MP: 9/15
  4868 | D:4      | Found a radiant altar of Vehumet.
  5091 | D:4      | Found a sparkling altar of Nemelex Xobeh.
  6248 | D:5      | Entered Level 5 of the Dungeon
  6395 | D:5      | Found a staircase to the Ecumenical Temple.
  6401 | Temple   | Entered the Ecumenical Temple
  6412 | Temple   | Became a worshipper of Cheibriados the Contemplative
  6442 | D:5      | Found Aveamol's Antique Armour Boutique.
  6447 | D:5      | Noticed Prince Ribbit
  6456 | D:5      | Reached XP level 8. HP: 61/63 MP: 12/16
  6474 | D:5      | Gained mutation: You are resistant to hostile enchantments.
                  | (MR+) [potion of mutation]
  6474 | D:5      | Gained mutation: You have a pair of small horns on your
                  | head. [potion of mutation]
  6474 | D:5      | Gained mutation: You have a somewhat thin skeletal
                  | structure. (Dex +2, Stealth) [potion of mutation]
  6718 | D:5      | Noticed Duvessa
  6718 | D:5      | Noticed Dowan
  7052 | D:5      | Killed Duvessa
  7154 | D:5      | Killed Dowan
  7325 | D:5      | Killed Prince Ribbit
  7412 | D:5      | Reached * piety under Cheibriados
  7470 | D:5      | Found a blossoming altar of Fedhas.
  7883 | D:5      | Found a shadowy altar of Dithmenos.
  7938 | D:5      | Got a jewelled mace
  7939 | D:5      | Identified the +6 mace of Checks and Balances {vamp, rElec
                  | rF+ MR+ Stlth+} (You found it on level 5 of the Dungeon)
  8487 | D:6      | Reached XP level 9. HP: 51/69 MP: 14/18
  8864 | D:6      | Reached ** piety under Cheibriados
  9091 | D:6      | Reached skill level 5 in Armour
  9233 | D:6      | Found a shimmering altar of Xom.
  9345 | D:7      | Noticed Joseph
  9595 | D:7      | Killed Joseph
  9595 | D:7      | Reached skill level 5 in Invocations
  9809 | D:7      | Reached *** piety under Cheibriados
  9938 | D:7      | Found a shadowy altar of Dithmenos.
  9958 | D:7      | Reached XP level 10. HP: 73/77 MP: 20/20
 10180 | D:7      | Found a glowing golden altar of the Shining One.
 10369 | D:7      | Reached **** piety under Cheibriados
 10493 | D:7      | Got an ichor-stained cloak
 10619 | D:7      | Identified the +0 cloak "Xasch" {rN++ Int+5 Stlth-} (You
                  | found it on level 7 of the Dungeon)
 10649 | D:8      | Reached skill level 5 in Short Blades
 10649 | D:8      | Reached skill level 5 in Long Blades
 10649 | D:8      | Reached skill level 5 in Axes
 10649 | D:8      | Reached skill level 5 in Maces & Flails
 10649 | D:8      | Reached skill level 5 in Staves
 10649 | D:8      | Reached skill level 5 in Slings
 10649 | D:8      | Reached skill level 5 in Bows
 10649 | D:8      | Reached skill level 5 in Crossbows
 10649 | D:8      | Reached skill level 5 in Throwing
 10649 | D:8      | Reached skill level 5 in Stealth
 10649 | D:8      | Reached skill level 5 in Shields
 10649 | D:8      | Reached skill level 5 in Unarmed Combat
 10649 | D:8      | Reached skill level 5 in Evocations
 11054 | D:8      | Found a staircase to the Lair.
 11067 | D:8      | Learned a level 4 spell: Summon Ice Beast
 11272 | D:8      | Reached ***** piety under Cheibriados
 12099 | D:9      | Noticed Harold
 12111 | D:9      | Killed Harold
 12217 | D:9      | Found Idanab's Gadget Shoppe.
 12292 | D:9      | Found a staircase to the Orcish Mines.
 12451 | D:10     | Entered Level 10 of the Dungeon
 12544 | D:10     | Reached XP level 11. HP: 65/84 MP: 17/22
 13048 | D:10     | Reached ****** piety under Cheibriados
 13282 | D:10     | Reached skill level 5 in Conjurations
 13282 | D:10     | Reached skill level 5 in Hexes
 13282 | D:10     | Reached skill level 5 in Summonings
 13282 | D:10     | Reached skill level 5 in Necromancy
 13282 | D:10     | Reached skill level 5 in Translocations
 13282 | D:10     | Reached skill level 5 in Transmutations
 13282 | D:10     | Reached skill level 5 in Fire Magic
 13282 | D:10     | Reached skill level 5 in Ice Magic
 13282 | D:10     | Reached skill level 5 in Air Magic
 13282 | D:10     | Reached skill level 5 in Earth Magic
 13282 | D:10     | Reached skill level 5 in Poison Magic
 13861 | D:10     | Noticed a wolf spider
 13869 | D:10     | Killed a wolf spider
 13988 | D:10     | Identified the Grimoire of the Dark Mountains
 14221 | D:10     | Identified a scroll of acquirement
 14352 | D:11     | Got a wizard robe
 14363 | D:11     | Identified the +0 robe of Undesirable Species {+Blink MR+}
                  | (You found it on level 11 of the Dungeon)
 15179 | Lair:1   | Entered Level 1 of the Lair of Beasts
 15375 | Lair:1   | Found a runed translucent gate.
 15375 | Lair:1   | Found a runed translucent gate.
 15375 | Lair:1   | Found a runed translucent gate.
 15386 | Lair:1   | Noticed Gildeon's ghost (novice TrFi)
 15425 | Lair:1   | Reached XP level 12. HP: 81/93 MP: 22/24
 15437 | Lair:1   | Noticed a five-headed hydra
 15447 | Lair:1   | Killed a five-headed hydra
 16421 | Lair:2   | Got a faintly glowing buckler
 16432 | Lair:2   | Identified the +3 buckler of Lifelessness {Slay+5} (You
                  | acquired it on level 2 of the Lair of Beasts)
 16434 | Lair:2   | Found the +15 Maxwell's patent armour {-Cast -Tele rElec
                  | MR+ rCorr}
 17237 | Lair:3   | Noticed a six-headed hydra
 17241 | Lair:3   | Killed a six-headed hydra
 17323 | Lair:3   | Noticed an eight-headed hydra
 17330 | Lair:3   | Killed an eight-headed hydra
 17756 | Lair:4   | Found a gate leading to a gauntlet.
 17765 | Gauntlet | Entered a Gauntlet
 17765 | Gauntlet | Found a transporter.
 17765 | Gauntlet | Found a transporter.
 17772 | Gauntlet | Found a runed translucent door.
 17775 | Gauntlet | Found a transporter.
 17777 | Gauntlet | Found a transporter.
 17783 | Gauntlet | Found a runed translucent gate.
 17785 | Gauntlet | Found a transporter.
 17786 | Gauntlet | Found a runed translucent gate.
 17787 | Gauntlet | Found a runed translucent gate.
 17789 | Gauntlet | Found a transporter.
 17791 | Gauntlet | Noticed a death yak
 17792 | Gauntlet | Noticed a death yak
 17794 | Gauntlet | Noticed a death yak
 17797 | Gauntlet | Found a transporter.
 17799 | Gauntlet | Noticed a death yak
 17800 | Gauntlet | Noticed a death yak
 17812 | Gauntlet | Found a runed translucent door.
 17813 | Gauntlet | Found a transporter.
 17814 | Gauntlet | Found a runed translucent door.
 17827 | Gauntlet | Found a transporter.
 17831 | Gauntlet | Found a transporter.
 17839 | Gauntlet | Found a transporter.
 17843 | Gauntlet | Found a transporter.
 17913 | Gauntlet | Reached XP level 13. HP: 95/101 MP: 22/26
 18147 | Gauntlet | Got a coiled lapis lazuli ring
 18151 | Gauntlet | Identified the ring "Heseil" {rF+ SInv Stlth+} (You found
                  | it in a Gauntlet)
 18226 | Gauntlet | Noticed a minotaur
 18258 | Gauntlet | Hit by a silver javelin thrown by a minotaur

Levels and vault maps discovered:
D:1:      evilmike_arrival_run_for_it, layout_loops_corners, serial_aquarium,
          aquarium_bridge_island_small [aquarium_subvault_small_open,
          aquarium_subvault_bridge, aquarium_subvault_bridge,
          aquarium_subvault_bridge, aquarium_subvault_bridge],
          aquarium_window_double, aquarium_window_corridor_3, aquarium_window_1,
          aquarium_window_1, aquarium_view_2e, aquarium_pool_2,
          nemelex_diamond_rough_becter
D:2:      layout_rooms, dancing_weapons_uskayaw, zin_angel,
          nicolae_overflow_hidden_temple, chequers_ecumenical_altar_simple
D:3:      layout_basic, grunt_gozag_statues, overflow_temple_1_default,
          makhleb_heckhound_becter, uniq_sigmund
D:4:      layout_layer_cave, marbit_many_paths, lemuel_round_altar,
          lightli_ossuary_entry_decrepit_ruins, st_stairs_1
D:5:      layout_basic, fedhas_bush_and_centaur_altar,
          grunt_dithmenos_smoke_and_mirrors,
          minmay_temple_entry_enclosed_plants, serial_shops,
          nicolae_shop_crystal, first_ration, uniq_prince_ribbit1, uniq_duvessa
D:6:      layout_rooms, xom_teletrap_fun
D:7:      minmay_s_stair_smasher, layout_basic, nicolae_tso_carved_into_rock,
          basic_altar, grunt_ogre_cave, uniq_joseph
D:8:      layout_loops_ring, dpeg_oklobed_lair, grunt_ministairs_13,
          dk_noncrumbling_4
D:9:      layout_cave_pools, david_orc_4, serial_shops, kennysheep_mini,
          uniq_harold
D:10:     minmay_the_grid_triangle_9x9_rhombus_thin_mashed
          [minmay_the_grid_triangle_9x9_dagger,
          minmay_the_grid_triangle_9x9_prize_top_heavy,
          minmay_the_grid_triangle_9x9_steps,
          minmay_the_grid_triangle_9x9_warning], layout_gridville
D:11:     minmay_wavy_crystal, layout_rooms
Temple:   eino_wide_crystal_templ
Lair:1:   layout_misc_corridors, ebering_ghost_rock_garden
Lair:2:   minmay_lair_venomous_thicket, layout_long_grid,
          chequers_serial_rivers_small_3, pond, lemuel_fruit_fields,
          lemuel_fruit_fields, lemuel_fruit_fields
Lair:3:   layout_loops_ring, grunt_megastairs_4, infiniplex_staircase_pool,
          serial_bayou_shore_b
Lair:4:   layout_gridlike, nicolae_swamp_entry_splash_gauntlet,
          spider_nest_entry_web_field, enter_volcano_4, gauntlet_entry_generic,
          chequers_serial_rivers_small_3, eino_small_chamber_without_monster,
          grunt_megastairs_2, uniq_urug
Gauntlet: minmay_gauntlet_77_indecision [minmay_gauntlet_arena_77_path,
          minmay_gauntlet_arena_77_mess, minmay_gauntlet_arena_77_run_for_it,
          minmay_gauntlet_arena_77_broken_ladder,
          minmay_gauntlet_arena_77_braids, minmay_gauntlet_arena_77_cramped,
          nicolae_gauntlet_exit_dead_adventurers]

Skill      XL: |  1  2  3  4  5  6  7  8  9 10 11 12 |
---------------+-------------------------------------+-----
Spellcasting   | 5 6 7 8 9 |  9.4
Invocations    | 1 2 3 4 5 6 7 8 |  8.7
Short Blades   | 1 2 3 4 5 6 7 |  7.9
Long Blades    | 1 2 3 4 5 6 7 |  7.9
Axes           | 1 2 3 4 5 6 7 |  7.9
Maces & Flails | 1 2 3 4 5 6 7 |  7.9
Staves         | 1 2 3 4 5 6 7 |  7.9
Slings         | 1 2 3 4 5 6 7 |  7.9
Bows           | 1 2 3 4 5 6 7 |  7.9
Crossbows      | 1 2 3 4 5 6 7 |  7.9
Throwing       | 1 2 3 4 5 6 7 |  7.9
Stealth        | 1 2 3 4 5 6 7 |  7.9
Shields        | 1 2 3 4 5 6 7 |  7.9
Unarmed Combat | 1 2 3 4 5 6 7 |  7.9
Evocations     | 1 2 3 4 5 6 7 |  7.9
Conjurations   | 1 2 3 4 5 6 |  6.6
Hexes          | 1 2 3 4 5 6 |  6.6
Summonings     | 1 2 3 4 5 6 |  6.6
Necromancy     | 1 2 3 4 5 6 |  6.6
Translocations | 1 2 3 4 5 6 |  6.6
Transmutations | 1 2 3 4 5 6 |  6.6
Fire Magic     | 1 2 3 4 5 6 |  6.6
Ice Magic      | 1 2 3 4 5 6 |  6.6
Air Magic      | 1 2 3 4 5 6 |  6.6
Earth Magic    | 1 2 3 4 5 6 |  6.6
Poison Magic   | 1 2 3 4 5 6 |  6.6
Armour         | 3 4 5 6 7 8 |  8.4
Fighting       | 5 6 7 8 9 |  9.2
Polearms       | 5 6 7 8 9 |  9.2
Dodging        | 5 6 7 8 9 |  9.2
Charms         | 6 7 8 |  8.6

Action                   |  1- 3 |  4- 6 |  7- 9 | 10-12 | 13-15 || total
-------------------------+-------+-------+-------+-------+-------++-------
Melee: Spear             |   143 |   190 |   248 |       |       ||   581
       Bite              |    11 |    19 |    49 |   143 |    16 ||   238
       Unarmed           |       |     5 |       |       |       ||     5
       Mace              |       |       |   135 |   613 |    44 ||   792
       Headbutt          |       |       |    48 |   244 |    27 ||   319
       Staff             |       |       |       |    25 |    24 ||    49
 Cast: Spectral Weapon   |     2 |    10 |    16 |     3 |       ||    31
       Regeneration      |     1 |     7 |    17 |    13 |     1 ||    39
       Infusion          |       |     1 |     1 |       |       ||     2
       Summon Ice Beast  |       |       |       |    71 |    16 ||    87
Evoke: Wand              |       |       |     1 |     1 |       ||     2
  Use: Scroll            |       |     7 |    10 |    12 |     1 ||    30
       Potion            |       |       |     5 |     1 |     3 ||     9
 Stab: Sleeping          |     1 |     4 |    14 |    21 |       ||    40
       Distracted        |       |     2 |     6 |    14 |       ||    22
  Eat: Chunk             |     2 |     4 |     2 |    10 |       ||    18
       Ration            |       |     2 |     4 |     2 |       ||     8
Armor: Leather armour    |    12 |    30 |    23 |    84 |     6 ||   155
       Skin              |       |     1 |     1 |       |       ||     2
Dodge: Dodged            |    63 |   111 |   163 |   630 |    53 ||  1020
Block: Buckler           |     8 |    39 |    66 |   379 |    31 ||   523

Table legend:
 A = Non-vault XP
 B = Vault XP
 C = Vault XP percentage of total XP
 D = Non-vault monster count
 E = Vault monster count
 F = Vault count percentage of total count
                 A         B        C        D         E       F
            +---------+---------+-------+---------+---------+-------
      Total |   24537 |   11852 |  32.6 |     364 |     114 |  23.8
            +---------+---------+-------+---------+---------+-------
        D:1 |      43 |       5 |  10.4 |      25 |       1 |   3.8
        D:2 |      90 |       0 |   0.0 |      26 |       0 |   0.0
        D:3 |     136 |     251 |  64.9 |      16 |       2 |  11.1
        D:4 |     418 |      14 |   3.2 |      20 |       1 |   4.8
        D:5 |     459 |     603 |  56.8 |      17 |       4 |  19.0
        D:6 |    1340 |      92 |   6.4 |      32 |       1 |   3.0
        D:7 |     824 |    1038 |  55.7 |      22 |      15 |  40.5
        D:8 |    1555 |     100 |   6.0 |      23 |       2 |   8.0
        D:9 |     359 |    1164 |  76.4 |      14 |      16 |  53.3
       D:10 |    3087 |    1554 |  33.5 |      59 |      17 |  22.4
       D:11 |    2944 |     755 |  20.4 |      43 |       3 |   6.5
     Lair:1 |    3344 |       0 |   0.0 |      12 |       0 |   0.0
     Lair:2 |    3725 |     967 |  20.6 |      22 |      17 |  43.6
     Lair:3 |    6213 |     266 |   4.1 |      33 |       2 |   5.7
    Ossuary |       0 |     129 | 100.0 |       0 |      11 | 100.0
   Gauntlet |       0 |    4914 | 100.0 |       0 |      22 | 100.0
            +---------+---------+-------+---------+---------+-------
